 Dungeon Crawl Stone Soup version 0.20-a0-731-gecde0bf (console) character file.

133785 nht the Deadly Accurate (level 17, -3/112 HPs)
             Began as a Halfling Berserker on Feb 22, 2017.
             Was the Champion of Trog.
             Blown up by an orb spider (42 damage)
             ... with an orb of destruction
             ... on level 1 of the Spider Nest.
             The game lasted 01:03:51 (25156 turns).

nht the Deadly Accurate (Halfling Berserker)       Turns: 25156, Time: 01:03:52

Health: -3/112     AC: 24    Str: 18    XL:     17   Next: 73%
Magic:  17/17      EV: 30    Int:  9    God:    Trog [******]
Gold:   1248       SH:  0    Dex: 25    Spells: 16/16 levels left

rFire    + . .     SeeInvis .   a - +2 scimitar (elec)
rCold    + + .     Gourm    .   n - +2 scale mail of the Loofah {rN+ Int+4 Dex+4}
rNeg     + . .     Faith    .   (shield restricted)
rPois    +         Spirit   .   d - +1 helmet
rElec    +         Reflect  .   x - +2 cloak
rCorr    +         Harm     .   y - +4 pair of gloves of Farym {rC++}
MR       ++...                  A - +2 pair of boots
Stlth    +++.......             q - amulet of the Air {Inacc +Fly rElec EV+5 RMsl}
Regen    0.3/turn               L - ring "Javie" {rPois rF+ MR+}
MPRegen  0.2/turn               T - ring of resist corrosion

@: repel missiles
A: mutation resistance 1
a: Berserk, Trog's Hand, Brothers in Arms, Burn Spellbooks, Renounce Religion,
Evoke Flight


You were on level 1 of the Spider Nest.
You worshipped Trog.
Trog was exalted by your worship.
You were near starving.

You visited 4 branches of the dungeon, and saw 24 of its levels.
You visited 1 bazaar.
You also visited: Sewer and Ice Cave.

You collected 2753 gold pieces.
You spent 1505 gold pieces at shops.

Inventory:

Hand Weapons
 a - a +2 scimitar of electrocution (weapon)
 b - a +2 dagger of draining
 t - a +8 blowgun
Missiles
 i - 7 needles of paralysis
 k - 71 poisoned needles
 l - 20 needles of sleeping
 w - 16 needles of frenzy
 C - a tomahawk of dispersal
 F - 5 silver tomahawks
 N - 5 needles of confusion
 P - 4 throwing nets
 Q - 8 curare-tipped needles
 U - 19 tomahawks (quivered)
 Y - 14 steel tomahawks
 Z - 5 exploding tomahawks
Armour
 d - a +1 helmet (worn)
 f - a +9 plate armour of ponderousness
 n - the +2 scale mail of the Loofah (worn) {rN+ Int+4 Dex+4}
   (You bought it in a shop on level 4 of the Dungeon)

   It affects your intelligence (+4).
   It affects your dexterity (+4).
   It protects you from negative energy.
 x - a +2 cloak (worn)
 y - the +4 pair of gloves of Farym (worn) {rC++}
   (You found it on level 5 of the Dungeon)

   It greatly protects you from cold.
 A - a +2 pair of boots (worn)
Jewellery
 q - the amulet of the Air (around neck) {Inacc +Fly rElec EV+5 RMsl}
   (You bought it in a shop in a bazaar)

   [amulet of inaccuracy]

   It reduces the accuracy of all your attacks.
   It affects your evasion (+5).
   It insulates you from electricity.
   It lets you fly.
   It protects you from missiles.
 L - the ring "Javie" (right hand) {rPois rF+ MR+}
   (You acquired it on level 3 of the Lair of Beasts)

   [ring of protection from fire]

   It protects you from fire.
   It protects you from poison.
   It affects your resistance to hostile enchantments.
 T - a ring of resist corrosion (left hand)
Wands
 G - a wand of digging (17/24)
 K - a wand of iceblast (3/15)
 O - a wand of clouds (3/9)
 W - a wand of iceblast (11/15)
Scrolls
 e - 10 scrolls of remove curse
 o - 2 scrolls of fog
 H - 3 scrolls of identify
 I - 6 scrolls of enchant armour
 R - 12 scrolls of teleportation
 S - 2 scrolls of magic mapping
 X - 2 scrolls of blinking
Potions
 g - 8 potions of heal wounds
 h - 4 potions of flight
 p - 3 potions of mutation
 r - a potion of agility
 s - 2 potions of might
 u - a potion of berserk rage
 v - 14 potions of curing
 D - 2 potions of ambrosia
 E - a potion of cancellation
 J - 6 potions of haste
 M - a potion of resistance
Comestibles
 c - 16 bread rations
 j - 6 meat rations
 m - 15 royal jellies
 V - 69 fruits


   Skills:
 + Level 9.0 Fighting
 - Level 10.3(14.5) Short Blades
 - Level 14.2(15.0) Long Blades
 * Level 16.0 Throwing
 - Level 8.0 Armour
 - Level 13.0 Dodging
 + Level 9.1 Stealth


You had 16 spell levels left.
You didn't know any spells.

Dungeon Overview and Level Annotations

Branches:
Dungeon (15/15)            Temple (0/1) D:5            Lair (6/6) D:8
 Shoals (0/4) Lair:3       Spider (1/4) Lair:2        Slime (0/5) Lair:5
    Orc (2/2) D:10            Elf (0/3) Orc:2        Vaults (0/5) D:14
 Depths (0/5) D:15

Altars:
Dithmenos
Gozag
Hepliaklqana
Kikubaaqudgha
Nemelex Xobeh
Okawaru
Qazlal
Ru
Sif Muna
Trog
Vehumet
Xom
Yredelemnul
The Shining One
Beogh

Shops:
D:4 ?}%=*   D:8 *   D:10 [   D:14 (   Orc:2 :*[(%


Innate Abilities, Weirdness & Mutations

You are small and have problems with some larger weapons.
You are somewhat resistant to further mutation.


Message History

You throw a tomahawk.
The tomahawk barely misses the orb spider.
The orb spider weaves a glowing orb of energy.
An orb of destruction comes into view.
The orb of destruction hits you!
The orb spider spins a strand of pure energy.
Throwing (i - inventory. (,) - cycle):
U - 21 tomahawks (quivered)
Press: ? - help, Shift-Dir - straight line, f/p - orb spider
Aim: an orb spider (moderately wounded, fully charged)
You throw a tomahawk.
The tomahawk closely misses the orb spider.
Throwing (i - inventory. (,) - cycle):
U - 20 tomahawks (quivered)
Press: ? - help, Shift-Dir - straight line, f/p - orb spider
Aim: an orb spider (moderately wounded, fully charged)
You throw a tomahawk.
The tomahawk closely misses the orb spider.
The orb spider weaves a glowing orb of energy.
An orb of destruction comes into view.
The orb of destruction hits you!
You die...

██..... ██...(.. ███
█....(.█ █.█
█....(.██ ██..
██...((..█ ██...
██.....(.█ ██....
█.█.█.s.██ █.....
█.██§§..█ ███.[.██
██.@§.§.██ ██......█
██......██ █........
█.......█████........
██..........███......
███........█).......
██.†....†......█..
██.........^.....
█....█..........
███.███.........


You could see an orb spider.

Vanquished Creatures
  Rupert (D:12)
  A frost giant (IceCv)
  An emperor scorpion (Spider:1)
  A dire elephant (Lair:6)
  A fire dragon (D:11)
  Erolcha (D:12)
  A great orb of eyes (D:15)
  Josephine (D:11)
  4 hydras
  8 vault guards (D:14)
  2 catoblepae
  16 death yaks
  4 two-headed ogres
  Erica (D:10)
  4 centaur warriors
  2 tengu warriors (D:15)
  A deep troll shaman (Lair:6)
  2 orc high priests (Orc:2)
  Sonja (D:13)
  An unseen horror (D:13)
  A wolf spider (Spider:1)
  A deep elf mage (D:12)
  3 orc knights (Orc:2)
  5 orc sorcerers
  An oklob plant (Lair:2)
  2 manticores
  A salamander (D:15)
  6 cyclopes
  4 black mambas
  12 elephants
  An ice statue (IceCv)
  5 centaur skeletons
  7 spiny frogs
  2 ice devils (D:13)
  3 rime drakes
  5 komodo dragons
  3 demonic crawlers (Spider:1)
  A kobold demonologist (D:14)
  A tengu conjurer (D:15)
  6 trolls
  19 polar bears
  A polar bear (shapeshifter) (D:15)
  8 jumping spiders
  8 slime creatures
  5 blink frogs
  2 hornets
  10 hippogriffs
  A meliai zombie (D:15)
  5 dream sheep (Lair:6)
  Sigmund (D:2)
  5 wraiths
  2 tarantellas (Spider:1)
  4 fire bats (D:11)
  58 yaks
  A wyvern (D:11)
  A steam dragon (D:13)
  4 basilisks
  3 vampire mosquitoes (D:15)
  3 hungry ghosts
  Menkaure (D:5)
  The ghost of nht the Slinger, an amateur HaHu of Trog (D:3)
  5 wargs
  Duvessa (D:5)
  8 water moccasins
  26 orc warriors
  3 porcupines (Lair:3)
  4 ice beasts
  3 sky beasts
  An eye of draining (D:14)
  14 ogres
  A black bear (D:9)
  2 phantoms (D:6)
  30 wolves
  3 necrophages
  14 centaurs
  7 big kobolds
  8 crocodiles
  The ghost of graki42 the Conjurer, an amateur DECj (D:4)
  Blork the orc (D:5)
  15 bullfrogs
  A wyvern zombie (D:10)
  3 gnoll sergeants (D:10)
  Dowan (D:5)
  A water moccasin zombie (D:6)
  5 scorpions
  3 wights (D:9)
  14 jellies
  5 howler monkeys (D:9)
  4 bullfrog zombies
  7 crimson imps
  8 centaur zombies
  A quasit (D:7)
  13 orc priests
  14 orc wizards
  4 gnoll shamans (D:10)
  13 hounds
  4 bullfrog skeletons
  Crazy Yiuf (D:7)
  Ijyb (D:3)
  5 hell rats (Lair:3)
  5 iguanas
  9 worker ants
  4 hound skeletons
  A worker ant zombie (D:7)
  Robin (D:2)
  29 gnolls
  14 adders
  7 river rats
  2 shadow imps
  2 oozes
  An adder skeleton (D:10)
  An adder zombie (D:9)
  4 worms
  2 dart slugs
  6 leopard geckos
  64 orcs
  6 giant cockroaches
  12 goblins
  4 hobgoblins
  17 jackals
  22 kobolds
  7 quokkas
  2 ball pythons
  A ball python skeleton (D:4)
  2 bats
  A frilled lizard (D:2)
  3 quokka skeletons
  A quokka zombie (D:9)
  12 rats
  A bush (Lair:2)
765 creatures vanquished.

Vanquished Creatures (collateral kills)
  Gastronok (Lair:3)
  An orc warlord (Orc:2)
  Snorg (Orc:2)
  A death knight (D:12)
  A hydra (D:12)
  3 orc sorcerers (Orc:2)
  2 merfolk sirens (Lair:3)
  2 elephants (Lair:6)
  2 trolls (Orc:2)
  2 merfolk (Lair:3)
  A blink frog (Lair:3)
  4 orc warriors (Orc:2)
  3 orc priests (Orc:2)
  A worker ant (D:12)
  2 hell rats (Lair:3)
  2 river rats (Lair:3)
  2 orcs (Orc:2)
31 creatures vanquished.

Vanquished Creatures (others)
  A bush (Lair:3)
  13 fungi
  7 plants
21 creatures vanquished.

Grand Total: 817 creatures vanquished

Notes
Turn   | Place    | Note
-------+----------+-------------------------------------------
     0 | D:1      | nht the Halfling Berserker began the quest for the Orb.
     0 | D:1      | Reached XP level 1. HP: 15/15 MP: 1/1
   130 | D:1      | Reached XP level 2. HP: 8/20 MP: 2/2
   760 | D:1      | Reached XP level 3. HP: 24/25 MP: 3/3
   774 | D:1      | Reached skill level 5 in Short Blades
  1018 | D:2      | Reached ** piety under Trog
  1198 | D:2      | Noticed Sigmund
  1211 | D:2      | Killed Sigmund
  1211 | D:2      | Reached XP level 4. HP: 3/30 MP: 4/4
  1211 | D:2      | Reached XP level 5. HP: 3/35 MP: 5/5
  1211 | D:2      | Reached XP level 6. HP: 4/41 MP: 6/6
  1641 | D:2      | Noticed Robin
  1672 | D:2      | Killed Robin
  1918 | D:3      | Noticed nht's ghost (amateur HaHu)
  1960 | D:3      | Killed nht's ghost
  1960 | D:3      | Reached XP level 7. HP: 45/45 MP: 7/7
  2255 | D:3      | Noticed Ijyb
  2259 | D:3      | Killed Ijyb
  2378 | D:3      | Reached *** piety under Trog
  2402 | D:3      | HP: 3/67 [something (4)]
  2405 | D:3      | HP: 1/67 [something (3)]
  2408 | D:3      | Reached skill level 10 in Short Blades
  2896 | D:4      | Reached skill level 1 in Throwing
  2896 | D:4      | Reached XP level 8. HP: 39/51 MP: 8/8
  2928 | D:4      | Reached skill level 2 in Throwing
  3061 | D:4      | Found Umezxesmoi's Food Shop.
  3096 | D:4      | Found a stormy altar of Qazlal.
  3231 | D:4      | Found Elidwide's Assorted Antiques.
  3241 | D:4      | Bought a faintly humming scale mail for 144 gold pieces
  3241 | D:4      | Bought a potion of lignification for 48 gold pieces
  3251 | D:4      | Identified the +2 scale mail of the Loofah {rN+ Int+4 Dex+4} (You bought it in a shop on level 4 of the Dungeon)
  3455 | D:4      | Noticed graki42's ghost (amateur DECj)
  3470 | D:4      | Killed graki42's ghost
  3470 | D:4      | Reached skill level 3 in Throwing
  3510 | D:4      | Reached skill level 4 in Throwing
  3547 | D:4      | Found Borau's Jewellery Emporium.
  3965 | D:4      | Found Woamm's Magic Scroll Boutique.
  3970 | D:4      | Bought a scroll of magic mapping for 35 gold pieces
  3970 | D:4      | Bought a scroll of identify for 20 gold pieces
  4019 | D:4      | Found Lejoat Ewee's Gadget Boutique.
  4115 | D:4      | Reached skill level 5 in Throwing
  4156 | D:5      | Entered Level 5 of the Dungeon
  4265 | D:5      | Noticed Menkaure
  4273 | D:5      | Killed Menkaure
  4273 | D:5      | Reached skill level 6 in Throwing
  4273 | D:5      | Reached XP level 9. HP: 55/55 MP: 9/9
  4335 | D:5      | Reached **** piety under Trog
  4419 | D:5      | Found a glowing drain.
  4423 | Sewer    | Entered a sewer
  4536 | Sewer    | Found a white marble altar of Elyvilon.
  4693 | D:5      | Reached skill level 7 in Throwing
  4743 | D:5      | Found a sparkling altar of Nemelex Xobeh.
  4751 | D:5      | Found an ancient bone altar of Kikubaaqudgha.
  4786 | D:5      | Noticed Dowan
  4787 | D:5      | Noticed Duvessa
  4797 | D:5      | Killed Duvessa
  4808 | D:5      | Killed Dowan
  4808 | D:5      | Received a gift from Trog
  4808 | D:5      | Reached skill level 8 in Throwing
  5200 | D:5      | Found a shadowy altar of Dithmenos.
  5201 | D:5      | Found an opulent altar of Gozag.
  5201 | D:5      | Found a shimmering altar of Xom.
  5211 | D:5      | Found an iron altar of Okawaru.
  5216 | D:5      | Found a sacrificial altar of Ru.
  5217 | D:5      | Found a radiant altar of Vehumet.
  5217 | D:5      | Found a basalt altar of Yredelemnul.
  5228 | D:5      | Found a bloodstained altar of Trog.
  5237 | D:5      | Got a pair of bloodstained gloves
  5243 | D:5      | Identified the +4 pair of gloves of Farym {rC++} (You found it on level 5 of the Dungeon)
  5411 | D:5      | Noticed Blork the orc
  5422 | D:5      | Killed Blork the orc
  5643 | D:5      | Found a staircase to the Ecumenical Temple.
  5814 | D:6      | Reached skill level 9 in Throwing
  5905 | D:6      | Found a glowing golden altar of the Shining One.
  5905 | D:6      | Found a hazy altar of Hepliaklqana.
  5990 | D:6      | Received a gift from Trog
  6567 | D:6      | Reached skill level 10 in Throwing
  6613 | D:7      | Reached XP level 10. HP: 61/61 MP: 10/10
  6860 | D:7      | Found a runed door.
  7500 | D:7      | Noticed Crazy Yiuf
  7506 | D:7      | Killed Crazy Yiuf
  7583 | D:8      | Reached skill level 11 in Throwing
  7622 | D:8      | Reached ***** piety under Trog
  7733 | D:8      | Found a staircase to the Lair.
  7872 | D:8      | Noticed a two-headed ogre
  7885 | D:8      | Killed a two-headed ogre
  7885 | D:8      | Reached skill level 12 in Throwing
  8374 | D:8      | Found Jaetih's General Store.
  8555 | D:9      | Reached skill level 1 in Long Blades
  8885 | D:9      | Noticed a two-headed ogre
  8893 | D:9      | Killed a two-headed ogre
  8893 | D:9      | Reached skill level 5 in Long Blades
  8893 | D:9      | Reached XP level 11. HP: 66/66 MP: 11/11
  9911 | D:8      | Bought a +2 scimitar of electrocution for 308 gold pieces
  9911 | D:8      | Bought a scroll of teleportation for 42 gold pieces
  9911 | D:8      | Bought a scroll of magic mapping for 49 gold pieces
  9948 | Lair:1   | Entered Level 1 of the Lair of Beasts
 10813 | Lair:1   | Received a gift from Trog
 11008 | Lair:2   | Found a hole to the Spider Nest.
 11018 | Lair:2   | Reached skill level 10 in Long Blades
 11038 | Lair:2   | Reached XP level 12. HP: 72/72 MP: 12/12
 12215 | Lair:3   | Found a staircase to the Shoals.
 12219 | Lair:3   | Noticed Gastronok
 12235 | Lair:3   | Killed Gastronok
 12382 | Lair:3   | Got a brightly glowing robe
 12384 | Lair:3   | Identified a scroll of acquirement
 12385 | Lair:3   | Got a scorched platinum ring
 12386 | Lair:3   | Identified the ring "Javie" {rPois rF+ MR+} (You acquired it on level 3 of the Lair of Beasts)
 12423 | Lair:2   | Identified the +1 robe of Pipurast {rElec rN++ Dex+4} (You found it on level 3 of the Lair of Beasts)
 12635 | Lair:3   | Noticed a seven-headed hydra
 12641 | Lair:3   | Killed a seven-headed hydra
 13144 | Lair:3   | Received a gift from Trog
 13473 | Lair:3   | Reached skill level 5 in Dodging
 13477 | Lair:3   | Reached XP level 13. HP: 15/76 MP: 13/13
 14115 | Lair:4   | Noticed a six-headed hydra
 14124 | Lair:4   | Killed a six-headed hydra
 14197 | Lair:4   | Received a gift from Trog
 14778 | Lair:5   | Found a staircase to the Slime Pits.
 14825 | Lair:5   | Reached skill level 1 in Stealth
 15235 | Lair:5   | Received a gift from Trog
 15778 | Lair:6   | Entered Level 6 of the Lair of Beasts
 15992 | Lair:6   | Reached skill level 10 in Dodging
 16085 | Lair:6   | Reached XP level 14. HP: 52/86 MP: 14/14
 16190 | Lair:6   | Reached skill level 5 in Armour
 16331 | Lair:6   | Reached skill level 5 in Fighting
 16477 | Lair:6   | Reached skill level 5 in Stealth
 16506 | Lair:6   | Noticed a dire elephant
 16524 | Lair:6   | Killed a dire elephant
 16829 | Lair:6   | Got a crystal war axe
 16888 | Lair:6   | Reached skill level 13 in Throwing
 17006 | Lair:6   | Identified the cursed +1 war axe "Osuudgh" {drain, Dex+6} (You found it on level 6 of the Lair of Beasts)
 17606 | D:10     | Entered Level 10 of the Dungeon
 17623 | D:10     | Received a gift from Trog
 17654 | D:10     | Found a staircase to the Orcish Mines.
 17656 | D:10     | Found Aveng's Armour Boutique.
 17697 | D:10     | Noticed Erica
 17716 | D:10     | Killed Erica
 17848 | D:10     | Received a gift from Trog
 18490 | D:11     | Received a gift from Trog
 18554 | D:11     | Received a gift from Trog
 18724 | D:11     | Noticed Josephine
 18734 | D:11     | Killed Josephine
 18895 | D:11     | Reached XP level 15. HP: 85/94 MP: 15/15
 19380 | D:12     | Noticed Erolcha
 19391 | D:12     | Killed Erolcha
 19587 | D:12     | Noticed Rupert
 19595 | D:12     | Killed Rupert
 19834 | D:13     | Received a gift from Trog
 19864 | D:13     | Found a flickering gateway to a bazaar.
 19866 | D:13     | Reached XP level 16. HP: 95/101 MP: 16/16
 19880 | Bazaar   | Entered a bazaar
 19894 | Bazaar   | Found Nankofid's Jewellery Shoppe.
 19909 | Bazaar   | Found Bitsogeo's Magic Scroll Shoppe.
 19909 | Bazaar   | Found Ituceo's Magic Scroll Emporium.
 19930 | Bazaar   | Found Zuosacsi's Armour Shoppe.
 19985 | Bazaar   | Bought the amulet of the Air {Inacc +Fly rElec EV+5 RMsl} for 523 gold pieces
 19999 | Bazaar   | Bought a scroll of blinking for 67 gold pieces
 19999 | Bazaar   | Bought a scroll of teleportation for 27 gold pieces
 19999 | Bazaar   | Bought a scroll of teleportation for 27 gold pieces
 20005 | Bazaar   | Bought a scroll of teleportation for 27 gold pieces
 20005 | Bazaar   | Bought a scroll of teleportation for 27 gold pieces
 20005 | Bazaar   | Bought a scroll of teleportation for 27 gold pieces
 20005 | Bazaar   | Bought a scroll of enchant armour for 67 gold pieces
 20005 | Bazaar   | Bought a scroll of enchant armour for 67 gold pieces
 20046 | D:13     | Found a frozen archway.
 20080 | IceCv    | Entered an ice cave
 20152 | IceCv    | Reached skill level 14 in Throwing
 20583 | IceCv    | Noticed a frost giant
 20629 | IceCv    | Received a gift from Trog
 20662 | IceCv    | Killed a frost giant
 21021 | D:13     | Noticed Sonja
 21037 | D:13     | Killed Sonja
 21644 | D:14     | Reached ****** piety under Trog
 21691 | D:14     | Found a deep blue altar of Sif Muna.
 21724 | D:14     | Received a gift from Trog
 21937 | D:14     | Reached XP level 17. HP: 77/109 MP: 17/17
 22015 | D:14     | Found a gate to the Vaults.
 22050 | D:14     | Reached skill level 15 in Throwing
 22136 | D:14     | Found Wingir's Weapon Boutique.
 22453 | D:15     | Entered Level 15 of the Dungeon
 22521 | D:15     | Found a staircase to the Depths.
 22950 | D:15     | Found a basalt altar of Yredelemnul.
 23489 | Orc:1    | Entered Level 1 of the Orcish Mines
 23514 | Orc:1    | Received a gift from Trog
 23908 | Orc:1    | Found a roughly hewn altar of Beogh.
 23985 | Orc:2    | Entered Level 2 of the Orcish Mines
 24033 | Orc:2    | Received a gift from Trog
 24068 | Orc:2    | Found Xaorullu's Antique Weapon Shop.
 24187 | Orc:2    | Found Laeg's Food Shop.
 24211 | Orc:2    | Found Ycietz's Antique Armour Emporium.
 24240 | Orc:2    | Found Xigeboat's General Store.
 24258 | Orc:2    | Received a gift from Trog
 24357 | Orc:2    | Noticed Snorg
 24363 | Orc:2    | Killed Snorg
 24371 | Orc:2    | Received a gift from Trog
 24571 | Orc:2    | Found a staircase to the Elven Halls.
 24597 | Orc:2    | Found Liedihou's Book Boutique.
 24969 | Spider:1 | Entered Level 1 of the Spider Nest
 25065 | Spider:1 | Reached skill level 16 in Throwing
 25156 | Spider:1 | Blown up by an orb spider

Vault maps used:
D:1:      dpeg_arrival_signposts
D:2:      uniq_sigmund, uniq_robin
D:3:      serial_corexii_hall, corexii_hall_statues_u, corexii_hall_statues_x,
          serial_park_tiny_1, hangedman_decor_points, uniq_iyjb
D:4:      lemuel_crystal_altar, serial_shops, kennysheep_mini,
          nicolae_shop_crystal, shop, shop, shop, serial_forest,
          infiniplex_forest_end_1, infiniplex_forest_zigzag_1,
          infiniplex_forest_lined_2, infiniplex_forest_clump_double,
          infiniplex_forest_clump_C, infiniplex_forest_clump_double,
          infiniplex_forest_lined_3_way, infiniplex_forest_pool,
          infiniplex_forest_straight_2, infiniplex_forest_lined_2,
          amethyst_killhole
D:5:      grunt_temple_overflow_open, nicolae_overflow_hidden_temple,
          lemuel_temple_firewalk_b, gup_sewer_entry_spiral, first_bread,
          uniq_menkaure, uniq_blork_the_orc, uniq_duvessa
D:6:      gammafunk_temple_overflow_statue
D:7:      kennysheep_decorative_pillar, uniq_crazy_yiuf_cottage
D:8:      dpeg_oklobed_lair, serial_shops, shop
D:10:     orc_david_3, serial_gnoll_camp, gnoll_camp_mini_hut,
          gnoll_camp_huts_moat, gnoll_camp_mini_basic, gnoll_camp_medium_02,
          uniq_erica
D:11:     minmay_firetagon, uniq_josephine
D:12:     uniq_rupert, uniq_erolcha
D:13:     portal_ice_cave_demonic_guard, serial_shops, bzr_entry_dummy,
          blue_anna_alchemist, uniq_sonja
D:14:     erik_vaults_2, serial_bayou_pond_a, basic_altar, serial_shops, shop
D:15:     hangedman_depths_entry_try_elsewhere_first, yredelemnul_altar_generic
Lair:2:   nicolae_spider_entry_tight_spaces, st_stairs_12,
          minmay_lair_oklob_bushes, lemuel_fruit_fields,
          infiniplex_staircase_pool
Lair:3:   elwin_shoals_entry_stream, minivault_24, minivault_23,
          kennysheep_abandoned_house, uniq_gastronok
Lair:5:   minmay_slime_entry_jelly_boxes
Lair:6:   grunt_lair_end_beastmaster, grunt_megastairs_2, lemuel_fruit_tree
Orc:1:    minmay_orc_temple_a
Orc:2:    grunt_orc_gardens, grunt_orc_garden, grunt_orc_garden,
          grunt_orc_garden, grunt_orc_garden, serial_shops,
          nicolae_shop_temple_entry_statues_fountains, uniq_snorg
Bazaar:   bazaar_short_row
Sewer:    sewer_kobolds
IceCv:    ice_cave_caverns_01

Skill      XL: |  1  2  3  4  5  6  7  8  9 10 11 12 13 14 15 16 17 |
---------------+----------------------------------------------------+-----
Short Blades   | 4 7 9 10 | 10.3
Throwing       | 1 6 10 12 13 14 16 | 16.0
Long Blades    | 5 10 13 14 | 14.2
Dodging        | 5 10 11 12 13 | 13.0
Fighting       | 4 6 7 9 |  9.0
Stealth        | 3 6 7 8 9 |  9.1
Armour         | 4 7 8 |  8.0

Action                   |  1- 3 |  4- 6 |  7- 9 | 10-12 | 13-15 | 16-18 || total
-------------------------+-------+-------+-------+-------+-------+-------++-------
Melee: Short sword       |   137 |    93 |   110 |       |       |       ||   340
       Dagger            |       |       |   504 |   515 |     1 |     1 ||  1021
       Scimitar          |       |       |       |   315 |   762 |   917 ||  1994
Throw: Tomahawk          |       |       |       |     7 |    85 |   214 ||   306
Invok: Berserk           |     3 |     2 |    13 |    13 |     6 |     3 ||    40
       Trog's Hand       |       |       |     1 |     2 |     3 |     5 ||    11
       Burn Spellbooks   |       |       |     2 |     2 |     4 |       ||     8
       Brothers in Arms  |       |       |       |     2 |     4 |     3 ||     9
Evoke: Wand              |       |       |       |     6 |    14 |     5 ||    25
  Use: Potion            |       |     5 |       |     3 |     3 |     1 ||    12
       Scroll            |       |       |    13 |    14 |    11 |     9 ||    47
 Stab: Sleeping          |       |     2 |       |       |     3 |    13 ||    18
       Distracted        |       |       |       |       |     4 |     1 ||     5
       Confused          |       |       |       |       |       |     8 ||     8
  Eat: Chunk             |     3 |     4 |    16 |    25 |    28 |    22 ||    98
       Bread ration      |       |       |     2 |     2 |       |       ||     4
       Royal jelly       |       |       |     1 |       |       |       ||     1
       Meat ration       |       |       |       |     1 |       |       ||     1
       Fruit             |       |       |       |     3 |     2 |       ||     5
Armor: Animal skin       |    14 |     6 |    14 |       |       |       ||    34
       Skin              |       |    13 |       |    56 |       |       ||    69
       Scale mail        |       |       |    90 |   271 |   174 |   209 ||   744
Dodge: Dodged            |    93 |    41 |   237 |   375 |   520 |  1018 ||  2284
       Deflected         |       |       |       |       |       |     5 ||     5
Block: Other             |       |       |       |    58 |   123 |     6 ||   187
       Reflection        |       |       |       |     1 |     7 |       ||     8
       Rpst.: Scimitar   |       |       |       |    48 |   143 |   234 ||   425
